Map: [ESL] Alcyone

Players

Reynor - Winner!

  • Race: Zerg Zerg
  • League: Master
  • Spawn Location: 1:00

Classic

  • Race: Protoss Protoss
  • Spawn Location: 7:00

Event: IEM Katowice 2024

VOD

Have the link to the VOD?

Description

Time

  • Played on: Dec. 8, 2023, 1 p.m.
  • Length: 18:12

All games in this series

Show
View Real Time Build Order
Export as new Build Order

Reynor Zerg - Winner!

Build Orders: Hatch First, Lurkers 

Get SALT Encoding   

  12  0:00  Drone  
  13  0:07  Drone  
  14  0:14  Extractor, Drone  
  15  0:36  Hatchery  
  15  0:41  Extractor  
  15  0:42  Drone  
  15  0:47  Overlord  
  15  1:02  Spawning Pool  
  14  1:06  Drone  
  14  1:08  Drone  
  16  1:12  Drone  
  16  1:16  Drone  
  18  1:26  Extractor  
  18  1:29  Drone  
  18  1:38  Drone  
  19  1:49  Queen x2  
  19  1:50  Drone  
  19  1:51  Zergling x2  
  25  1:59  Drone  
  26  2:01  Overlord  
  26  2:10  Drone x2  
  29  2:22  Drone  
  29  2:23  Drone  
  29  2:25  Queen  
  29  2:28  Queen  
  34  2:34  Drone  
  34  2:36  Overlord  
  35  2:42  Drone  
  35  2:43  Metabolic Boost  
  35  3:01  Zergling x4  
  35  3:02  Zergling x2  
  35  3:03  Drone x2  
  40  3:06  Overlord  
  40  3:10  Drone x2  
  42  3:17  Drone  
  42  3:18  Extractor  
  42  3:22  Overlord, Hatchery  
  42  3:24  Drone  
  42  3:25  Drone  
  43  3:30  Zergling x2  
  43  3:31  Queen  
  47  3:35  Drone  
  47  3:38  Drone x2  
  47  3:40  Overlord  
  50  3:42  Drone  
  50  3:44  Drone  
  50  3:46  Drone  
  53  3:49  Drone x2  
  53  3:54  Queen  
  57  3:56  Drone  
  57  3:59  Drone  
  59  4:07  Drone  
  59  4:09  Overlord  
  60  4:12  Drone  
  60  4:13  Drone x2  
  60  4:16  Drone x2  
  64  4:22  Drone x2  
  66  4:26  Roach Warren, Queen  
  66  4:27  Evolution Chamber  
  66  4:33  Zergling x4  
  66  4:35  Drone  
  69  4:38  Spore Crawler  
  69  4:42  Drone x2  
  70  4:48  Drone x2, Overlord  
  70  4:49  Drone  
  70  4:50  Extractor x2  
  71  4:56  Lair  
  71  4:58  Drone x2  
  71  4:59  Drone, Queen  
  76  5:03  Overlord  
  76  5:05  Roach  
  76  5:06  Roach, Overlord  
  80  5:08  Roach x2  
  83  5:17  Drone x2, Overlord  
  83  5:18  Drone  
  83  5:19  Roach  
  83  5:20  Spine Crawler  
  87  5:22  Roach  
  87  5:23  Zergling x4  
  87  5:24  Zergling x2  
  87  5:26  Extractor, Queen  
  93  5:32  Zergling x6, Roach x2  
  98  5:36  Roach  
  98  5:41  Roach x2  
  102  5:43  Overlord  
  102  5:44  Drone x2  
  104  5:52  Overlord  
  104  5:54  Overseer  
  104  5:56  Drone x3  
  106  5:57  Drone x2  
  106  5:58  Glial Reconstitution  
  106  6:04  Roach x3  
  114  6:05  Overlord  
  114  6:09  Drone x2  
  116  6:14  Roach  
  116  6:15  Roach  
  119  6:18  Drone x2  
  119  6:19  Drone  
  119  6:20  Extractor, Overlord  
  119  6:25  Drone  
  122  6:29  Drone x2, Spire  
  122  6:30  Drone  
  122  6:32  Overlord  
  123  6:35  Spore Crawler  
  123  6:36  Extractor  
  123  6:38  Hatchery  
  123  6:39  Drone  
  121  6:41  Drone  
  121  6:42  Drone x2, Zerg Missile Weapons Level 1  
  121  6:47  Spore Crawler  
  123  6:48  Queen  
  123  6:50  Spore Crawler, Queen  
  126  6:58  Zergling x10  
  126  7:01  Overlord  
  131  7:09  Zergling x12  
  131  7:13  Overlord  
  126  7:24  Overlord x2  
  126  7:25  Zergling x14  
  126  7:29  Queen x2  
  103  7:47  Corruptor x5  
  103  7:48  Corruptor x3  
  111  7:56  Corruptor x2  
  109  8:05  Corruptor  
  107  8:16  Corruptor  
  107  8:19  Extractor  
  107  8:20  Extractor  
  107  8:24  Corruptor  
  108  8:31  Queen  
  108  8:32  Hatchery  
  108  8:33  Roach x3  
  115  8:35  Roach x2  
  115  8:38  Roach  
  121  8:48  Roach x6  
  133  8:58  Drone, Infestation Pit  
  133  8:59  Spore Crawler  
  132  9:04  Roach x3  
  132  9:05  Roach x4  
  132  9:09  Queen x2  
  146  9:11  Corruptor  
  149  9:22  Corruptor  
  149  9:24  Drone x2  
  149  9:25  Drone x6  
  149  9:28  Zerg Flyer Weapons Level 1  
  156  9:33  Overlord  
  156  9:38  Zerg Missile Weapons Level 2  
  156  9:44  Drone x2  
  156  9:45  Drone  
  159  9:47  Zergling x2  
  159  9:48  Zergling x10  
  163  9:56  Infestor x2  
  163  10:05  Hive, Queen  
  165  10:10  Drone x3  
  165  10:11  Infestor  
  170  10:16  Drone x2  
  170  10:18  Spore Crawler, Ravager x4  
  170  10:20  Queen  
  177  10:23  Queen  
  177  10:27  Overlord x2  
  179  10:28  Ravager x3  
  179  10:31  Drone x2  
  184  10:35  Spine Crawler x2  
  184  10:36  Spine Crawler  
  184  10:38  Hydralisk Den  
  180  10:43  Overseer  
  180  10:57  Hatchery  
  179  11:08  Overlord  
  179  11:11  Lurker Den  
  179  11:15  Roach x6  
  179  11:18  Queen  
  191  11:25  Overlord  
  191  11:30  Viper x2  
  197  11:34  Ravager x3  
  197  12:01  Roach x8  
  194  12:19  Hydralisk x8  
  198  12:27  Seismic Spines  
  198  12:29  Zergling x4  
  200  12:34  Zerg Missile Weapons Level 3, Extractor x2  
  197  12:45  Lurker x2  
  179  12:52  Zergling x16  
  179  12:53  Zergling x10  
  179  12:57  Roach x8  
  192  12:59  Queen  
  192  13:01  Roach x4  
  187  13:06  Roach x7  
  187  13:12  Roach x2  
  180  13:17  Roach x2  
  180  13:19  Roach  
  166  13:22  Roach  
  166  13:25  Hydralisk  
  166  13:28  Hydralisk x4  
  166  13:29  Drone  
  166  13:30  Drone x2, Queen  
  166  13:33  Adaptive Talons  
  176  13:35  Hydralisk x4, Queen  
  176  13:36  Zergling x2  
  176  13:40  Hydralisk x3  
  179  13:45  Drone  
  176  13:48  Hydralisk x2  
  180  13:57  Lurker x4, Hydralisk  
  180  13:58  Hydralisk x2  
  180  14:02  Drone x3  
  193  14:04  Lurker x4  
  193  14:09  Lurker  
  196  14:15  Lurker x2  
  198  14:31  Lurker  
  199  14:36  Spine Crawler x2  
  199  14:37  Lurker x3, Spore Crawler, Spine Crawler  
  198  14:43  Drone x2  
  198  14:44  Hatchery  
  198  15:00  Zergling x4  
  200  15:11  Greater Spire  
  198  15:25  Corruptor x4  
  193  15:29  Spire  
  182  15:38  Zergling x30  
  191  15:45  Corruptor x3  
  196  16:09  Drone x4  
  198  16:33  Pneumatized Carapace  
  198  16:46  Spore Crawler x2, Spine Crawler  
  195  16:47  Spore Crawler x2  
  173  17:17  Corruptor x5  
  173  17:22  Hydralisk x6  
  181  17:23  Hydralisk  
  195  17:36  Hydralisk x4  
Show
View Real Time Build Order
Export as new Build Order

Classic Protoss 

Build Orders: 1 Gate Expand, Oracle Opening, Carriers 

Get SALT Encoding   

  12  0:00  Probe  
  13  0:12  Probe  
  14  0:18  Pylon  
  14  0:24  Probe  
  15  0:36  Gateway  
  15  0:37  Probe (Chrono Boost)  
  16  0:47  Assimilator, Probe (Chrono Boost)  
  17  0:52  Probe (Chrono Boost)  
  18  1:03  Probe  
  19  1:15  Probe  
  20  1:24  Nexus  
  20  1:27  Probe  
  21  1:38  Cybernetics Core  
  21  1:40  Probe  
  21  1:45  Assimilator  
  22  1:52  Pylon  
  22  1:55  Probe  
  23  2:10  Probe (Chrono Boost)  
  23  2:11  Adept (Chrono Boost)  
  26  2:16  Stargate  
  26  2:22  Probe (Chrono Boost)  
  27  2:24  Warp Gate  
  27  2:29  Probe (Chrono Boost)  
  28  2:34  Adept  
  28  2:36  Probe (Chrono Boost)  
  31  2:41  Probe (Chrono Boost)  
  32  2:47  Probe (Chrono Boost)  
  32  2:50  Probe (Chrono Boost)  
  34  2:51  Probe (Chrono Boost)  
  35  3:00  Probe  
  40  3:05  Void Ray (Chrono Boost)  
  40  3:11  Probe  
  41  3:12  Probe  
  41  3:18  Pylon  
  42  3:23  Gateway  
  42  3:26  Probe x2  
  44  3:31  Assimilator  
  44  3:34  Oracle (Chrono Boost)  
  44  3:40  Probe x2  
  49  3:43  Pylon  
  49  3:45  Assimilator  
  49  3:52  Probe x2  
  51  4:05  Probe x2  
  51  4:18  Fleet Beacon  
  51  4:21  Stargate  
  51  4:24  Probe x2  
  53  4:28  Nexus  
  53  4:30  Pylon  
  53  4:38  Probe  
  54  4:40  Probe  
  55  4:50  Probe  
  55  4:51  Adept  
  55  4:52  Probe  
  59  4:58  Pylon  
  59  5:03  Tempest (Chrono Boost)  
  66  5:07  Tempest (Chrono Boost)  
  69  5:19  Pylon  
  68  5:23  Pylon  
  68  5:25  Pylon  
  68  5:33  Probe x2  
  70  5:38  Tempest (Chrono Boost)  
  70  5:40  Tempest (Chrono Boost)  
  75  5:47  Shield Battery  
  75  5:48  Probe x3  
  83  5:52  Shield Battery  
  83  6:00  Probe x3  
  86  6:05  Pylon  
  86  6:11  Tempest (Chrono Boost)  
  86  6:18  Zealot x2  
  98  6:20  Assimilator  
  98  6:23  Tempest (Chrono Boost), Assimilator  
  98  6:25  Probe, Pylon  
  98  6:26  Probe x2  
  98  6:27  Pylon  
  101  6:38  Pylon, Probe x3  
  104  6:45  Zealot  
  104  6:46  Zealot  
  112  6:55  Void Ray (Chrono Boost)  
  112  7:01  Void Ray (Chrono Boost)  
  116  7:06  Zealot x2  
  116  7:07  Unknown  
  120  7:09  Twilight Council  
  120  7:13  Forge  
  116  7:23  Pylon  
  116  7:27  Zealot x2, Pylon  
  111  7:34  Void Ray (Chrono Boost)  
  117  7:43  Void Ray (Chrono Boost), Probe x2  
  114  7:44  Probe  
  114  7:45  Flux Vanes  
  110  7:51  Zealot  
  110  7:52  Zealot  
  110  7:55  Probe x2  
  110  7:56  Probe  
  110  7:57  Protoss Ground Weapons Level 1  
  112  8:07  Probe x2  
  112  8:08  Probe  
  113  8:14  Void Ray (Chrono Boost)  
  113  8:19  Probe x2  
  119  8:20  Probe  
  119  8:26  Void Ray (Chrono Boost)  
  120  8:28  Templar Archives  
  120  8:31  Probe x2  
  122  8:34  Pylon  
  122  8:36  Zealot  
  124  8:41  Zealot  
  124  8:42  Probe  
  124  8:43  Probe x2  
  133  8:50  Void Ray (Chrono Boost)  
  133  8:59  Gateway  
  133  9:00  Gateway  
  133  9:02  Blink  
  137  9:04  Void Ray (Chrono Boost)  
  137  9:06  Pylon  
  133  9:19  Psionic Storm  
  133  9:22  Void Ray (Chrono Boost)  
  136  9:28  High Templar x2  
  140  9:37  Photon Cannon  
  140  9:40  Nexus  
  140  9:47  Gateway  
  140  9:48  Gateway  
  140  9:50  Gateway, Pylon  
  140  9:53  Gateway  
  144  10:02  Pylon x2  
  144  10:03  High Templar x4  
  144  10:06  Void Ray (Chrono Boost)  
  152  10:07  Protoss Ground Weapons Level 2 (Chrono Boost)  
  152  10:08  Pylon  
  152  10:11  Shield Battery  
  152  10:13  Photon Cannon  
  152  10:34  Void Ray (Chrono Boost)  
  156  10:37  Stalker x2  
  156  10:38  Assimilator  
  156  10:40  Assimilator  
  164  10:43  Stalker  
  164  10:45  Void Ray (Chrono Boost), Stalker  
  168  10:51  Stalker  
  168  10:52  Stalker  
  168  10:54  Probe x3  
  168  10:56  Probe  
  176  11:01  High Templar x2  
  180  11:05  Archon  
  180  11:08  Stalker x3  
  186  11:11  Photon Cannon  
  186  11:16  Stalker  
  188  11:20  Photon Cannon  
  188  11:22  Stalker  
  188  11:25  Stalker  
  192  11:33  Stalker  
  192  11:34  Stalker x2  
  198  11:43  Stalker  
  187  12:04  Stalker x7  
  187  12:07  Protoss Shields Level 1 (Chrono Boost)  
  187  12:08  Stalker  
  187  12:29  Stalker x7  
  197  12:50  Archon x2  
  167  12:59  Stalker x3  
  167  13:00  Stalker x5  
  103  13:27  Stalker x8  
  103  13:29  Probe x2  
  103  13:30  Probe x2  
  116  13:37  Robotics Facility  
  109  13:45  Probe x4  
  111  13:51  High Templar x4  
  111  13:52  High Templar x2  
  111  13:54  Zealot x2  
  127  13:55  Charge  
  127  13:59  Probe x2  
  129  14:08  Carrier x2 (Chrono Boost)  
  129  14:15  Protoss Ground Weapons Level 3  
  141  14:27  Observer (Chrono Boost)  
  142  14:36  Shield Battery  
  142  14:42  Nexus  
  142  14:43  Zealot x4, Pylon  
  142  14:44  Protoss Air Weapons Level 1  
  150  14:49  Observer  
  146  15:02  Carrier (Chrono Boost)  
  146  15:03  Carrier (Chrono Boost)  
  152  15:17  Immortal  
  147  15:40  Nexus  
  146  15:57  Carrier x2 (Chrono Boost)  
  146  16:01  Immortal (Chrono Boost)  
  140  16:13  Nexus  
  140  16:16  High Templar x2  
  140  16:17  High Templar  
  146  16:18  High Templar  
  146  16:22  Archon  
  146  16:23  Archon  
  147  16:27  Zealot  
  149  16:38  Immortal (Chrono Boost)  
  147  16:50  Zealot x2  
  139  17:21  High Templar x3  
  139  17:22  High Templar, Zealot  
  149  17:26  Archon  
  149  17:27  Archon  
  148  17:36  Observer (Chrono Boost)  
  141  17:39  Pylon  
  141  17:40  Pylon  
  141  17:41  Pylon  

Tags
 
Add a new tag
Caveats
  • Supply blocks, unpowered buildings, or Contaminate may cause inaccurate times.
  • Supply counts are checked every 10 seconds.